 Dungeon Crawl Stone Soup version 0.27-a0-577-ge2a43ba0c9 (webtiles) character file.

Game seed: 15858782507267841075

739 ArcanElement the Slasher (level 8, -1/58 HPs)
             Began as a Human Fighter on Mar 9, 2021.
             Was an Initiate of Elyvilon.
             Slain by a thrashing horror (2 damage)
             ... on level 2 of the Abyss.
             The game lasted 00:09:07 (5020 turns).

ArcanElement the Slasher (Human Fighter)            Turns: 5020, Time: 00:09:08

Health: -1/58      AC:  7    Str: 18      XL:     8   Next: 4%
Magic:  0/8        EV:  9    Int:  6 (8)  God:    Elyvilon [......]
Gold:   243        SH: 10    Dex: 12 (14) Spells: 7/7 levels left

rFire    . . .     SeeInvis .   a - +0 long sword
rCold    + . .     Faith    .   c - +0 kite shield
rNeg     . . .     Spirit   +   f - +2 leather armour {rC+}
rPois    .         Reflect  .   (no helmet)
rElec    .         Harm     .   (no cloak)
rCorr    .         Rampage  .   s - +0 pair of gloves
Will     .....                  e - +0 pair of boots
Stlth    +.........             k - amulet of guardian spirit
HPRegen  0.19/turn              (no ring)
MPRegen  0.11/turn              (no ring)

@: slowed, very slow
A: no striking features
a: Renounce Religion


You were on level 2 of the Abyss.
You worshipped Elyvilon.
Elyvilon was noncommittal.
You visited 1 branch of the dungeon, and saw 4 of its levels.
You visited the Abyss 1 time.

You collected 243 gold pieces.

Inventory:

Hand Weapons
 a - a +0 long sword (weapon)
 l - a +2 dagger of holy wrath
 x - the +2 mace "Fuoskuju" {protect, Str+6 Int-3 Dex+2}
   (You found it on level 4 of the Dungeon)

   It grants its wielder temporary protection when it strikes (+7 to AC).
   It affects your strength (+6).
   It affects your intelligence (-3).
   It affects your dexterity (+2).
Armour
 b - a +0 scale mail
 c - a +0 kite shield (worn)
 d - a +0 plate armour
 e - a +0 pair of boots (worn)
 f - a +2 leather armour of cold resistance (worn)
 s - a +0 pair of gloves (worn)
 t - a +0 chain mail
 u - a +0 ring mail
Jewellery
 k - an amulet of guardian spirit (around neck)
 q - a ring of fire
Wands
 v - a wand of acid (2)
Scrolls
 h - 2 scrolls of enchant armour
 i - a scroll of amnesia
 n - a scroll of magic mapping
Potions
 j - 5 potions of brilliance
 p - a potion of attraction


   Skills:
 - Level 3.0 Fighting
 + Level 6.6 Long Blades
 - Level 3.0 Armour
 + Level 6.1 Shields


You had 7 spell levels left.
You didn't know any spells.
Your spell library was empty.

Dungeon Overview and Level Annotations

Branches:
Dungeon (4/15)
 Temple: D:4-7

Altars:
Elyvilon
Ru
Yredelemnul

Annotations:
D:4 Blork the orc


Message History

The wraith is lightly damaged.
You block the thrashing horror's attack. x2
The wraith hits you but does no damage.
You completely miss the wraith.
The wraith is lightly damaged.
The thrashing horror tramples you.
You hold your ground!
You block the thrashing horror's attack. x2
The thrashing horror closely misses you.
The wraith hits you! The wraith drains your vigour!
You feel as though you will be slow longer.
The wraith barely misses you.
The thrashing horror completely misses you.
The thrashing horror tramples you.
You hold your ground!
You block the thrashing horror's attack.
The thrashing horror closely misses you.
The wraith hits you.
* * * LOW HITPOINT WARNING * * *
The thrashing horror tramples you.
* * * LOW HITPOINT WARNING * * *
You hold your ground!
The thrashing horror tramples you.
* * * LOW HITPOINT WARNING * * *
You hold your ground!
The wraith barely misses you. The thrashing horror barely misses you.
You riposte.
You hit the thrashing horror.
The thrashing horror is lightly damaged.
The thrashing horror tramples you but does no damage.
The wraith hits you.
* * * LOW HITPOINT WARNING * * *
The wraith drains your vigour!
You feel as though you will be slow longer.
The thrashing horror closely misses you.
You riposte.
You hit the thrashing horror but do no damage.
The thrashing horror is lightly damaged.
You block the thrashing horror's attack.
The thrashing horror barely misses you.
You block the thrashing horror's attack.
Okay, then.
The thrashing horror barely misses you. The thrashing horror tramples you.
You die...

## . # ### . #(
# # ### # .#
.####.# #...#.
##.#
##...W####..#.#
#.#... #..#
.....#
#.....###.#
#.#.# # # .
#.@X.####..# #
.. #.##.#. #..#
## . ...##W.#
#. # # #
.....#.#.# .##
#. #.##$######
.# ## #. ## ##
#. # #


You could see a thrashing horror.

Vanquished Creatures
  Sigmund (D:2)
  Duvessa (D:4)
  An ice beast (D:4)
  Dowan (D:4)
  2 centaur skeletons (D:4)
  Natasha (thrice) (D:2)
  2 worker ants (D:4)
  4 gnolls
  2 adders (D:2)
  A shadow imp (D:3)
  A worm (D:2)
  3 dart slugs
  4 leopard geckos
  4 orcs
  4 bats
  6 giant cockroaches
  8 hobgoblins
  11 jackals
  4 kobolds
  A quokka (D:3)
  A ball python skeleton (D:4)
  5 frilled lizards
  9 goblins
  10 rats
89 creatures vanquished.

Notes
Turn   | Place    | Note
-------+----------+-------------------------------------------
     0 | D:1      | ArcanElement the Human Fighter began the quest for the Orb.
     0 | D:1      | Reached XP level 1. HP: 18/18 MP: 1/1
   196 | D:1      | Reached XP level 2. HP: 24/24 MP: 2/2
   583 | D:1      | Reached XP level 3. HP: 29/29 MP: 3/3
   880 | D:1      | Reached XP level 4. HP: 10/35 MP: 2/4
  1571 | D:2      | Noticed Sigmund
  1592 | D:2      | Killed Sigmund
  1593 | D:2      | Reached skill level 5 in Long Blades
  1593 | D:2      | Reached XP level 5. HP: 29/41 MP: 3/5
  1593 | D:2      | Reached XP level 6. HP: 34/47 MP: 3/6
  1751 | D:2      | Found a sacrificial altar of Ru.
  1905 | D:2      | Noticed Natasha
  1914 | D:2      | Killed Natasha
  1933 | D:2      | Noticed Natasha
  1938 | D:2      | Killed Natasha
  2140 | D:2      | Noticed Natasha
  2146 | D:2      | Killed Natasha
  2716 | D:3      | Reached XP level 7. HP: 40/52 MP: 4/7
  3418 | D:4      | Reached skill level 5 in Shields
  3720 | D:4      | Identified the +2 mace "Fuoskuju" {protect, Str+6 Int-3
                  | Dex+2}
  4129 | D:4      | Noticed Dowan
  4131 | D:4      | Noticed Duvessa
  4156 | D:4      | Killed Dowan
  4287 | D:4      | Found a white marble altar of Elyvilon.
  4346 | D:4      | Found a basalt altar of Yredelemnul.
  4394 | D:4      | Became a worshipper of Elyvilon the Healer
  4488 | D:4      | Killed Duvessa
  4489 | D:4      | Reached XP level 8. HP: 29/58 MP: 6/8
  4672 | D:4      | Noticed Blork the orc
  4683 | D:4      | Cast into level 1 of the Abyss (Blork the orc)
  4848 | Abyss:1  | Noticed a sixfirhy
  4976 | Abyss:2  | Noticed a starcursed mass
  4994 | Abyss:2  | Noticed a wraith
  5007 | Abyss:2  | Noticed a thrashing horror
  5018 | Abyss:2  | HP: 1/58 [wraith (5)]
  5020 | Abyss:2  | Slain by a thrashing horror

Illustrated notes

Levels and vault maps discovered:
D:1:      psy_arrival_conway, layout_basic
D:2:      layout_loops_cross, nicolae_ru_sacrificial_ziggurat, uniq_sigmund,
          uniq_natasha
D:3:      layout_loops_ring, chequers_serial_rivers_micro_c
D:4:      layout_gridville, kennysheep_ying_yang, uniq_blork_the_orc,
          uniq_duvessa
Abyss:2:  base: D:1, base:
D:2

Skill      XL: |  1  2  3  4  5  6  7 |
---------------+----------------------+-----
Long Blades    | 3 4 5 6 |  6.6
Shields        | 4 6 |  6.1
Fighting       | |  3.0
Armour         | |  3.0

Action                   |  1- 3 |  4- 6 |  7- 9 || total
-------------------------+-------+-------+-------++-------
Melee: Long sword        |    77 |   149 |   151 ||   377
Evoke: Wand              |       |       |     7 ||     7
  Use: Scroll            |     4 |       |     4 ||     8
       Potion            |       |     2 |     9 ||    11
 Stab: Sleeping          |       |     1 |     1 ||     2
Armor: Scale mail        |    28 |       |       ||    28
       Leather armour    |    20 |    59 |    37 ||   116
       Skin              |       |       |    13 ||    13
Dodge: Dodged            |    38 |    57 |    61 ||   156
Block: Kite shield       |    42 |    90 |    81 ||   213
       Rpst.: Long sword |    12 |    15 |    22 ||    49

Table legend: (Time is in decaauts)
 A = Elapsed time spent in this place.
 B = Non-inter-level travel time spent in this place.
 C = Inter-level travel time spent in this place.
 D = Time resting spent in this place.
 E = Time spent auto-exploring this place.
 F = Levels seen in this place.
 G = Mean time per level.
                   A        B        C        D        E       F      G
               +--------+--------+--------+--------+--------+-----+--------+
         Total |   5143 |   4754 |    389 |   1295 |   2486 |   6 |  857.2 |
       Dungeon |   4820 |   4431 |    389 |   1088 |   2486 |   4 | 1205.0 |
         Abyss |    323 |    323 |      0 |    207 |      0 |   2 |  161.5 |
               +--------+--------+--------+--------+--------+-----+--------+

Top non-repeatable levels by time:
     D:2: 1360 daAuts
     D:4: 1331 daAuts
     D:1: 1091 daAuts
     D:3: 1037 daAuts
 Abyss:1: 176 daAuts
 Abyss:2: 146 daAuts
